 Dungeon Crawl Stone Soup version 0.30-a0-570-g486de37d69 (webtiles) character file.

Game seed: 5531404370188812572

14383 Dirtsage the Transmogrifier (level 12, -16/96 HPs)
             Began as an Octopode Transmuter on Dec 29, 2022.
             Was an Elder of the Shining One.
             Demolished by a komodo dragon (27 damage)
             ... on level 11 of the Dungeon.
             The game lasted 00:45:02 (13600 turns).

Dirtsage the Transmogrifier (Octopode Transmuter)  Turns: 13600, Time: 00:45:02

Health: -16/96     AC: 14    Str: 10    XL:     12   Next: 15%
Magic:  23/27      EV: 10    Int: 25    God:    the Shining One [****..]
Gold:   201        SH:  0    Dex: 13    Spells: 0/19 levels left

rFire   x . .      SeeInvis .      - Unarmed
rCold   + + +      Faith    +    (shield currently unavailable)
rNeg    + + .      Spirit   .    (helmet currently unavailable)
rPois   +          Reflect  .    g - amulet of faith
rElec   .          Harm     .    p - +6 ring of intelligence
rCorr   .          Rampage  .    I - +4 ring of protection
Will    .....                    e - ring of magical power
Stlth   +                        (no ring)
HPRegen 0.36/turn                (no ring)
MPRegen 0.20/turn                (no ring)
                                 (no ring)
                                 (no ring)

@: ice-form, glowing
A: freezing attack, boosted hp, almost no armour, amphibious, 8 rings, large,
(camouflage 1), (gelatinous body 1), (nimble swimmer 1), (tentacles)
a: End Transformation, Renounce Religion, Divine Shield, Cleansing Flame


You were on level 11 of the Dungeon.
You worshipped the Shining One.
The Shining One was greatly pleased with you.
You were a creature of crystalline ice.
You visited 3 branches of the dungeon, and saw 16 of its levels.

You collected 669 gold pieces.
You spent 468 gold pieces at shops.

Inventory:

Missiles
 A - a throwing net
Armour
 H - a +1 hat (melded)
Magical Staves
 m - a staff of conjuration
 E - a staff of fire
Jewellery
 e - a ring of magical power (on tentacle)
 g - an amulet of faith (around neck)
 p - a +6 ring of intelligence (left front paw)
 I - a +4 ring of protection (right front paw)
Wands
 n - a wand of quicksilver (6)
 w - a wand of paralysis (5)
 z - a wand of flame (25)
 D - a wand of digging (11)
 G - a wand of mindburst (2)
Scrolls
 b - 2 scrolls of vulnerability
 c - 2 scrolls of amnesia {unknown}
 t - 6 scrolls of teleportation
 u - 3 scrolls of immolation
 v - 2 scrolls of magic mapping {unknown}
 x - a scroll of poison
 B - 2 scrolls of blinking
 C - a scroll of torment {unknown}
 F - 2 scrolls of fog
 J - a scroll of butterflies {unknown}
 K - a scroll of enchant armour
Potions
 a - 6 potions of lignification
 d - a potion of might
 f - a potion of attraction
 h - 5 potions of haste
 k - 3 potions of brilliance
 l - 2 potions of heal wounds
 o - 4 potions of flight
 s - 3 potions of berserk rage
 y - a potion of ambrosia
 L - a potion of invisibility {unknown}


   Skills:
 * Level 6.8 Fighting
 + Level 3.1 Dodging
 * Level 7.5 Unarmed Combat
 - Level 4.0 Spellcasting
 - Level 4.0 Conjurations
 + Level 5.3 Hexes
 - Level 13.1 Transmutations
 + Level 3.7 Ice Magic
 - Level 4.0 Air Magic
 - Level 4.0 Poison Magic
 - Level 5.4 Invocations
 - Level 1.9 Evocations


You couldn't memorise any spells.
You knew the following spells:

 Your Spells              Type           Power      Damage    Failure   Level
a - Beastly Appendage     Tmut           100%       N/A       1%          1
b - Wereblood             Tmut           63%        N/A       1%          2
c - Spider Form           Tmut/Pois      47%        N/A       1%          3
d - Ice Form              Ice/Tmut       47%        N/A       2%          4
e - Tukima's Dance        Hex            32%        N/A       3%          3
x - Mephitic Cloud        Conj/Pois/Air  25%        N/A       5%          3
A - Ozocubu's Armour      Ice            23%        N/A       6%          3

Your spell library contained the following spells:

 Spells                   Type           Power      Damage    Failure   Level
 Blade Hands              Tmut           31%        N/A       1%          5
 Ignite Poison            Fire/Tmut/Pois 33%        N/A       2%          3
 Yara's Violent Unravell  Hex/Tmut       25%        3d11      5%          5
 Portal Projectile        Hex/Tloc       36%        N/A       9%          3
 Blink                    Tloc           10%        N/A       14%         2
 Kindle Blastsparks       Fire/Tloc/Air  22%        2d11      16%         3
 Olgreb's Toxic Radiance  Pois           25%        N/A       17%         4
 Call Canine Familiar     Summ           5%         N/A       26%         3
 Leda's Liquefaction      Hex/Erth       9%         N/A       30%         4
 Sticky Flame             Conj/Fire      15%        2d4       36%         4
 Metabolic Englaciation   Hex/Ice        13%        N/A       36%         5
 Passage of Golubria      Tloc           5%         N/A       65%         4
 Simulacrum               Ice/Necr       7%         N/A       100%        6
 Ignition                 Fire           2%         3d3       100%        8


Dungeon Overview and Level Annotations

Branches:
Dungeon (14/15)            Temple (1/1) D:4            Lair (1/5) D:11
    Orc (0/2) D:9
 Vaults: D:13-14

Altars:
Cheibriados
Dithmenos
Elyvilon
Fedhas
Gozag
Hepliaklqana
Kikubaaqudgha
Makhleb
Nemelex Xobeh
Okawaru
Qazlal
Ru
Sif Muna
Trog
Uskayaw
Vehumet
Wu Jian
Xom
Yredelemnul
Zin
The Shining One

Shops:
D:8 =   D:9 **   D:12 =


Innate Abilities, Weirdness & Mutations

You are a creature of crystalline ice.
You have a powerful freezing melee attack.
Your maximum health is increased.
Your armour is entirely melded.
You are incapable of wielding weapons or throwing items.
You cannot wear most types of armour.
You are amphibious.
You can wear up to eight rings at the same time.
((Your skin changes colour to match your surroundings (Stealth+).))
((Your rubbery body absorbs attacks. (AC +1, EV +1)))
((You are camouflaged when in or above water. (Stealth+)))
((You have tentacles for arms and can constrict up to eight enemies at once.))


Message History

r - Retreat! s - Stop attacking. g - Guard the area. f - Follow me.
Anything else - Cancel.
You shout for attention!
There is a staircase to the Lair here.
You climb downwards.
Welcome back to the Lair of Beasts!
You feel an oppressive heat about you.
There is an entrance to a volcano on this level.
Hurry and find it before the entrance collapses!
You hear the rumble of a distant avalanche of rocks.
The basilisk hisses angrily.
The komodo dragon bites you! The komodo dragon bites you!!
There is a staircase back to the Dungeon, spattered with blood here.
You take 29 damage, and have 51/80 hp.
MASSIVE DAMAGE!!
Casting: Ice Form (dangerous; 2% risk of failure)
Confirm with . or Enter, or press ? or * to list all spells.
You don't know that spell.
The basilisk gazes at you. You resist with some effort.
The komodo dragon bites you!
You climb upwards.
Welcome back to the Dungeon!
There is a staircase to the Lair here.
You take 15 damage, and have 36/80 hp.
Casting: Ice Form (dangerous; 2% risk of failure)
Press: ? - help, Q - select action, (/) - cycle Dir - look around, f - activate You turn into a creature of crystalline ice.
Your +1 hat melds into your body.
The komodo dragon bites you!
You take 2 damage, and have 34/96 hp.
You now have 23/27 mp.
You pummel the komodo dragon!! You freeze the komodo dragon!
The komodo dragon is severely wounded.
The komodo dragon bites you!!
* * * LOW HITPOINT WARNING * * *
You take 23 damage, and have 11/96 hp.
MASSIVE DAMAGE!!
You hit the komodo dragon.
The komodo dragon seems to slow down.
You freeze the komodo dragon.
The komodo dragon is severely wounded.
You completely miss the komodo dragon.
The komodo dragon is severely wounded.
The komodo dragon is no longer moving slowly.
The komodo dragon bites you!!
You die...

##.###### ##..#
########..##
###........####
###.....####....#
##.........############
##...........## #......
##.....l...P...## #......
#.......Y.......###......
#................##......
#.#...........##.........
#.##.........#####.......
#.####.....####.....##..#
#.# ###.......##.####..#
#.# #..........###....
#.## #...(........#...#
#..# ###.#######......#..


You could see a komodo dragon.

Vanquished Creatures
  A centaur warrior (D:11)
  3 two-headed ogres (D:11)
  A deep elf archer (D:11)
  A deep elf pyromancer (D:12)
  3 cyclopes
  A kobold demonologist (D:9)
  A yaktaur (shapeshifter) (D:13)
  A komodo dragon (D:10)
  A troll (D:11)
  The ghost of Barriton the Conjurer, an amateur DrCj (D:5)
  A wolf spider simulacrum (D:12)
  A vampire (D:10)
  Eustachio (D:6)
  A wyvern (D:9)
  13 yaks
  A wraith (D:11)
  A basilisk (D:12)
  2 steam dragons (D:8)
  7 vampire mosquitoes
  3 wargs (D:11)
  Menkaure (D:6)
  3 water moccasins
  3 orc warriors
  3 ice beasts
  2 black bears
  3 ogres
  2 centaurs (D:11)
  A kobold brigand (D:9)
  4 bullfrogs
  5 scorpions
  16 wights
  A water moccasin skeleton (D:5)
  4 killer bees (D:8)
  4 howler monkeys (D:10)
  A bullfrog zombie (D:5)
  4 hounds
  4 jellies
  A centaur zombie (D:5)
  A gnoll bouda (D:9)
  7 orc priests
  Jessica (D:3)
  Terence (D:2)
  6 orc wizards
  3 adders
  11 gnolls
  3 shadow imps (D:5)
  2 white imps
  25 orcs
  4 bats
  6 endoplasms
  2 giant cockroaches (D:1)
  12 goblins
  9 hobgoblins
  2 quokkas
  6 ball pythons
  6 frilled lizards
  13 kobolds
  3 rats
  A spectral hobgoblin (D:7)
231 creatures vanquished.

Vanquished Creatures (others)
  5 dancing weapons
5 creatures vanquished.

Grand Total: 236 creatures vanquished

Notes
Turn   | Place    | Note
-------+----------+-------------------------------------------
     0 | D:1      | Dirtsage the Octopode Transmuter began the quest for the
                  | Orb.
     0 | D:1      | Reached XP level 1. HP: 13/13 MP: 3/3
   128 | D:1      | Reached skill level 1 in Poison Magic
   128 | D:1      | Reached XP level 2. HP: 17/18 MP: 5/5
   233 | D:1      | Reached skill level 1 in Ice Magic
   446 | D:1      | Reached XP level 3. HP: 22/23 MP: 6/6
   449 | D:1      | Learned a level 2 spell: Wereblood
   453 | D:1      | Learned a level 3 spell: Spider Form
   754 | D:2      | Noticed Terence
   767 | D:2      | Killed Terence
  1135 | D:2      | Reached XP level 4. HP: 21/28 MP: 7/7
  1370 | D:2      | Reached skill level 3 in Transmutations
  1779 | D:3      | Noticed an ogre
  1795 | D:3      | Killed an ogre
  1796 | D:3      | Reached XP level 5. HP: 10/33 MP: 5/8
  2329 | D:3      | Noticed Jessica
  2342 | D:3      | Killed Jessica
  2343 | D:3      | Reached XP level 6. HP: 38/38 MP: 3/9
  2502 | D:3      | Identified the +1 dagger of the Cursing Queen {freeze,
                  | Fragile +Blink Int+4 SInv}
  2881 | D:4      | Noticed a black bear
  2986 | D:4      | Reached skill level 4 in Transmutations
  3068 | D:4      | Reached skill level 13 in Transmutations
  3068 | D:4      | Reached XP level 7. HP: 43/43 MP: 10/10
  3074 | D:4      | Learned a level 4 spell: Ice Form
  3198 | D:4      | Found a staircase to the Ecumenical Temple.
  3207 | Temple   | Entered the Ecumenical Temple
  3345 | Temple   | Became a worshipper of the Shining One
  4087 | D:5      | Entered Level 5 of the Dungeon
  4095 | D:5      | Reached XP level 8. HP: 49/49 MP: 6/11
  4153 | D:5      | Found a transporter.
  4157 | D:5      | Noticed Barriton's ghost (amateur DrCj)
  4172 | D:5      | Reached skill level 1 in Evocations
  4197 | D:5      | Found a transporter.
  4206 | D:5      | Found a transporter.
  4259 | D:5      | Found a transporter.
  4404 | D:5      | Reached * piety under the Shining One
  4878 | D:5      | Killed Barriton's ghost
  5238 | D:6      | Reached skill level 1 in Hexes
  5327 | D:6      | Reached XP level 9. HP: 55/55 MP: 8/12
  5483 | D:6      | Noticed Menkaure
  5499 | D:6      | Killed Menkaure
  5586 | D:6      | Noticed Eustachio
  5600 | D:6      | Killed Eustachio
  5601 | D:6      | Reached skill level 1 in Invocations
  6494 | D:7      | Reached ** piety under the Shining One
  6501 | D:7      | Found a hazy altar of Hepliaklqana.
  6670 | D:7      | Found a shadowy altar of Dithmenos.
  6671 | D:7      | Found a basalt altar of Yredelemnul.
  6672 | D:7      | Found an opulent altar of Gozag.
  6721 | D:7      | Found a bloodstained altar of Trog.
  6840 | D:8      | Reached skill level 5 in Unarmed Combat
  6849 | D:8      | Learned a level 3 spell: Tukima's Dance
  6956 | D:8      | Reached XP level 10. HP: 56/63 MP: 8/14
  7846 | D:8      | Reached *** piety under the Shining One
  8142 | D:8      | Found Yvidolar's Jewellery Shoppe.
  8767 | D:9      | Reached skill level 5 in Fighting
  8839 | D:9      | Noticed a kobold demonologist
  8847 | D:9      | Killed a kobold demonologist
  9172 | D:9      | Got the Octavo of Nocuous Shifting
  9191 | D:9      | Reached **** piety under the Shining One
  9215 | D:10     | Entered Level 10 of the Dungeon
  9359 | D:9      | Found a staircase to the Orcish Mines.
  9607 | D:9      | Found Tuagg's General Store.
  9612 | D:9      | Found Haego's Specific Store.
 10054 | D:10     | Reached XP level 11. HP: 70/70 MP: 16/16
 10272 | D:10     | Reached skill level 5 in Invocations
 10701 | D:8      | Bought a +4 ring of protection for 468 gold pieces
 11321 | D:11     | Noticed a two-headed ogre
 11326 | D:11     | Killed a two-headed ogre
 11331 | D:11     | Learned a level 3 spell: Mephitic Cloud
 11463 | D:11     | Noticed a cyclops
 11512 | D:11     | Noticed a sea snake
 11641 | D:11     | Noticed a centaur warrior
 11652 | D:11     | Killed a centaur warrior
 11653 | D:11     | Reached skill level 1 in Conjurations
 11653 | D:11     | Reached skill level 1 in Air Magic
 11824 | D:11     | You fall into a shaft and drop 3 floors!
 11957 | D:12     | Noticed a cyclops
 11965 | D:12     | Killed a cyclops
 12126 | D:12     | Noticed a deep elf pyromancer
 12158 | D:12     | Killed a deep elf pyromancer
 12367 | D:12     | Identified the +8 trident of Maizit {heavy, rC+ rN+++
                  | Str-3}
 12374 | D:12     | Found Esocyt's Jewellery Boutique.
 12551 | D:11     | Noticed a two-headed ogre
 12567 | D:11     | Killed a two-headed ogre
 12568 | D:11     | Reached skill level 5 in Hexes
 12582 | D:11     | Noticed a two-headed ogre
 12588 | D:11     | Killed a two-headed ogre
 12681 | D:11     | Reached XP level 12. HP: 79/80 MP: 18/18
 12740 | D:11     | Learned a level 3 spell: Ozocubu's Armour
 12963 | D:11     | Found a staircase to the Lair.
 13232 | D:11     | Found an iron altar of Okawaru.
 13275 | Lair:1   | Entered Level 1 of the Lair of Beasts
 13294 | D:11     | HP: 4/96 [cane toad (8)]
 13600 | D:11     | Demolished by a komodo dragon

Illustrated notes

Levels and vault maps discovered:
D:1:      co_arrival_random_square_maze, layout_rooms,
          chequers_serial_rivers_micro_a, item_on_display_a
D:2:      layout_loops_corners, roderic_serpentine_path, uniq_terence
D:3:      layout_loops_corners, uniq_jessica
D:4:      layout_basic, lemuel_temple_firewalk_b
D:5:      gammafunk_wand_slinger, layout_layer_cave, gammafunk_ghost_mausoleum
D:6:      layout_basic, uniq_eustachio, uniq_menkaure
D:7:      layout_rooms, nicolae_hepliaklqana_monster_ancestors,
          grunt_temple_overflow_open, mainiacjoe_overflow_alcove_4
D:8:      layout_layer_cave, serial_shops, shop
D:9:      layout_gridville, orc_0_dummy, nicolae_specific_store,
          ebering_dispersal_statue_hall
D:10:     layout_stronghold
D:11:     evilmike_iron_armoury, layout_rooms, erik_lair_orcish_takeover,
          serial_aquarium, aquarium_bridge_straight [aquarium_subvault_bridge,
          aquarium_subvault_wall, aquarium_subvault_bridge,
          aquarium_subvault_window], aquarium_window_1, aquarium_window_2,
          aquarium_window_fake, aquarium_view_2f, aquarium_view_2f,
          nicolae_shop_i_like_big_books, evilmike_butchery
D:12:     layout_cave_pods, ebering_ghost_disaster_area, serial_shops,
          nicolae_shop_stone
D:13:     layout_small_grid, david_vaults_5, serial_shops, shop, serial_ice,
          serial_ice_g, serial_ice_l, serial_ice_a, serial_ice_n, pf_eden
D:14:     layout_irregular_city, nicolae_elyvilon_peaceful_grove, serial_shops,
          nicolae_take_the_stairs, uniq_rupert
Temple:   bh_familiar_temple
Lair:1:   layout_big_grid, nicolae_volcano_entry_vermiform,
          beast_lair_carwin_10, infiniplex_staircase_pool

Skill      XL: |  1  2  3  4  5  6  7  8  9 10 11 12 |
---------------+-------------------------------------+-----
Poison Magic   | 1 2 3 4 |  4.0
Ice Magic      | 1 2 3 |  3.7
Transmutations | 3 13 | 13.1
Evocations     | 1 |  1.9
Fighting       | 2 4 5 6 |  6.8
Unarmed Combat | 4 5 6 7 |  7.5
Hexes          | 1 2 3 5 |  5.3
Invocations    | 2 4 5 |  5.4
Spellcasting   | 3 4 |  4.0
Conjurations   | 4 |  4.0
Air Magic      | 4 |  4.0
Dodging        | 3 |  3.1

Action                   |  1- 3 |  4- 6 |  7- 9 | 10-12 || total
-------------------------+-------+-------+-------+-------++-------
Melee: Unarmed           |    65 |    80 |   232 |   334 ||   711
       Tentacles         |    18 |     9 |       |     3 ||    30
       Kick              |     5 |    13 |       |       ||    18
       Constrict         |    13 |    10 |     1 |     1 ||    25
       Punch             |     1 |     2 |       |       ||     3
 Cast: Beastly Appendage |     2 |    11 |       |       ||    13
       Spider Form       |     1 |     6 |       |     2 ||     9
       Wereblood         |     1 |     1 |     5 |     5 ||    12
       Ice Form          |       |       |    28 |    40 ||    68
       Tukima's Dance    |       |       |     2 |    29 ||    31
       Mephitic Cloud    |       |       |       |     9 ||     9
Invok: Divine Shield     |       |       |     2 |     6 ||     8
Evoke: Wand              |       |       |     1 |       ||     1
  Use: Scroll            |       |     6 |     9 |     8 ||    23
       Potion            |       |     2 |       |     4 ||     6
 Stab: Sleeping          |     1 |     7 |       |       ||     8
Armor: Skin              |     5 |     2 |   105 |   108 ||   220
Dodge: Dodged            |    35 |    49 |   105 |   190 ||   379
Block: Other             |       |       |     6 |    23 ||    29

Table legend: (Time is in decaauts)
 A = Elapsed time spent in this place.
 B = Non-inter-level travel time spent in this place.
 C = Inter-level travel time spent in this place.
 D = Time resting spent in this place.
 E = Time spent auto-exploring this place.
 F = Levels seen in this place.
 G = Mean time per level.
                   A        B        C        D        E       F      G
               +--------+--------+--------+--------+--------+-----+--------+
         Total |  13549 |  12843 |    706 |   1833 |   8616 |  16 |  846.8 |
       Dungeon |  13366 |  12688 |    678 |   1833 |   8484 |  14 |  954.7 |
        Temple |    167 |    139 |     28 |      0 |    132 |   1 |  167.0 |
          Lair |     15 |     15 |      0 |      0 |      0 |   1 |   15.0 |
               +--------+--------+--------+--------+--------+-----+--------+

Top non-repeatable levels by time:
     D:8: 2333 daAuts
    D:11: 1545 daAuts
    D:10: 1307 daAuts
     D:3: 1173 daAuts
     D:5: 1094 daAuts
     D:4: 1068 daAuts
     D:6: 1011 daAuts
     D:2: 973 daAuts
     D:9: 880 daAuts
     D:1: 692 daAuts
     D:7: 620 daAuts
    D:12: 536 daAuts
  Temple: 167 daAuts
    D:13: 93 daAuts
    D:14: 36 daAuts
